 Dungeon Crawl Stone Soup version 0.27.0-1-g7a089689b8 (webtiles) character file.

Game seed: 15297853258980713888

370 backslashecho the Chopper (level 6, -2/52 HPs)
             Began as a Minotaur Gladiator on Aug 6, 2021.
             Was a Priest of Qazlal.
             Slain by a thrashing horror (3 damage)
             ... on level 1 of the Abyss.
             The game lasted 00:16:04 (3499 turns).

backslashecho the Chopper (Minotaur Gladiator)      Turns: 3499, Time: 00:16:05

Health: -2/52      AC:  6    Str: 21    XL:     6   Next: 42%
Magic:  6/6        EV: 10    Int:  5    God:    Qazlal [***...]
Gold:   229        SH:  3    Dex: 11    Spells: 5/5 levels left

rFire    . . .     SeeInvis +   a - +0 war axe
rCold    . . .     Faith    .   (no shield)
rNeg     . . .     Spirit   .   j - +0 scale mail
rPois    .         Reflect  .   c - +0 hat
rElec    .         Harm     .   (no cloak)
rCorr    .         Rampage  .   (no gloves)
Will     .....                  (no boots)
Stlth    ..........             (no amulet)
HPRegen  0.17/turn              n - ring of see invisible
MPRegen  0.10/turn              (no ring)

@: very slightly contaminated, invisible
A: horns 2, retaliatory headbutt
a: Renounce Religion, Upheaval, Elemental Force


You were on level 1 of the Abyss.
You worshipped Qazlal.
Qazlal was most pleased with you.
You visited 1 branch of the dungeon, and saw 4 of its levels.
You visited the Abyss 1 time.
You also visited: Sewer.

You collected 229 gold pieces.

Inventory:

Hand Weapons
 a - a +0 war axe (weapon)
 p - a +2 whip of draining
Missiles
 i - 16 poisoned darts (quivered)
Armour
 c - a +0 hat (worn)
 j - a +0 scale mail (worn)
Jewellery
 n - a ring of see invisible (left hand)
Scrolls
 m - 3 scrolls of fog {unknown}
Potions
 e - a potion of might
 q - a potion of cancellation


   Skills:
 + Level 4.2 Fighting
 * Level 6.2 Axes
 - Level 2.0 Throwing
 + Level 3.2 Armour
 - Level 3.2 Dodging
 - Level 1.0 Unarmed Combat
 + Level 2.3 Invocations


You had 5 spell levels left.
You didn't know any spells.
Your spell library was empty.

Dungeon Overview and Level Annotations

Branches:
Dungeon (4/15)              Sewer (visited)
 Temple: D:4-7

Altars:
Qazlal


Innate Abilities, Weirdness & Mutations

You have a pair of horns on your head.
You reflexively headbutt those who attack you in melee.


Message History

You fade into invisibility!
The thrashing horror roars!
The thrashing horror closely misses you.
The thrashing horror barely misses you. The thrashing horror tramples you!
You stumble backwards!
The thrashing horror tramples you.
You stumble backwards!
You take 11 damage, and have 20/52 hp.
MASSIVE DAMAGE!!
There are no items here.
The thrashing horror is engulfed in blazing flames.
The thrashing horror barely misses you. x2
The thrashing horror barely misses you. You furiously retaliate!
You headbutt the thrashing horror. The thrashing horror tramples you.
You hold your ground!
You take 1 damage, and have 19/52 hp.
Your resistance to elements expires.
The thrashing horror roars!
The thrashing horror tramples you.
You hold your ground!
The thrashing horror tramples you but does no damage.
You take 3 damage, and have 16/52 hp.
The thrashing horror tramples you!
* * * LOW HITPOINT WARNING * * *
You hold your ground!
The thrashing horror completely misses you.
You take 6 damage, and have 10/52 hp.
As you read the scroll labelled IHETU BI COKK, it crumbles to dust.
It is a scroll of identify.
q - a potion of cancellation The thrashing horror roars!
The thrashing horror tramples you!
* * * LOW HITPOINT WARNING * * *
You hold your ground!
The thrashing horror closely misses you. x2
The thrashing horror tramples you but does no damage.
You take 9 damage, and have 1/52 hp.
As you read the scroll labelled MIF ESORAP, it crumbles to dust.
You feel momentarily disoriented.
It was a scroll of magic mapping.
The thrashing horror closely misses you.
The thrashing horror misses you. The thrashing horror tramples you.
You die...

.. .##..#. #.
. # ...... # .
..##. .. ##
#.##.###...#..
... ....#
.#..#...# ...
#..#..# #.#.
#.##...## ....
#X.##.(#...#
##.#@..(#
##X.##...#
#.## #...# #.#
#..# .#. ..#
## . .# #§ #.
§ #. #.


You could see a thrashing horror.

Vanquished Creatures
  Purgy (Sewer)
  A jelly (D:3)
  A centaur skeleton (D:3)
  An orc wizard (D:3)
  9 adders
  2 white imps
  3 worms
  A dart slug (D:3)
  5 orcs (D:3)
  6 endoplasms
  3 giant cockroaches
  10 goblins
  10 hobgoblins
  7 jackals
  4 ball pythons
  3 bats
  4 frilled lizards
  12 kobolds
  6 rats
89 creatures vanquished.

Notes
Turn   | Place    | Note
-------+----------+-------------------------------------------
     0 | D:1      | backslashecho the Minotaur Gladiator began the quest for
                  | the Orb.
     0 | D:1      | Reached XP level 1. HP: 18/18 MP: 0/0
   188 | D:1      | Reached XP level 2. HP: 18/25 MP: 1/1
   197 | D:1      | Reached skill level 4 in Axes
   456 | D:1      | Reached skill level 1 in Armour
   492 | D:1      | Found a faded altar of an unknown god.
   529 | D:1      | Became a worshipper of Qazlal Stormbringer
   529 | D:1      | Reached * piety under Qazlal
   640 | D:1      | Reached skill level 1 in Unarmed Combat
   786 | D:1      | Reached XP level 3. HP: 25/30 MP: 2/2
  1815 | D:2      | Reached skill level 1 in Invocations
  1855 | D:2      | Reached XP level 4. HP: 37/38 MP: 3/3
  2091 | D:3      | Reached ** piety under Qazlal
  2152 | D:3      | Reached skill level 5 in Axes
  2235 | D:3      | Found a glowing drain.
  2252 | D:3      | Reached XP level 5. HP: 44/45 MP: 5/5
  2276 | Sewer    | Entered a sewer
  2369 | Sewer    | Noticed Purgy
  2376 | Sewer    | Killed Purgy
  2552 | D:3      | Reached XP level 6. HP: 51/52 MP: 6/6
  2641 | D:3      | Reached skill level 6 in Axes
  2686 | D:3      | Reached *** piety under Qazlal
  3286 | D:4      | Cast into level 1 of the Abyss (goblin)
  3349 | Abyss:1  | Noticed a soul eater
  3428 | Abyss:1  | Noticed a ynoxinul
  3480 | Abyss:1  | Noticed a thrashing horror
  3497 | Abyss:1  | HP: 1/52 [thrashing horror (9)]
  3499 | Abyss:1  | Slain by a thrashing horror

Illustrated notes

Levels and vault maps discovered:
D:1:      co_arrival_square_in_a_square_in_a_square, layout_basic,
          shapermc_ecumenical_altar_venn
D:2:      layout_basic, minmay_misc_feat_diagonals,
          chequers_serial_rivers_micro_a
D:3:      layout_basic, gup_sewer_entry_glass, grunt_ministairs_3,
          minmay_misc_feat_five, chequers_serial_rivers_micro_d,
          minmay_fractal_squares_gapless_5
D:4:      layout_loops_ring, minitemple, minmay_temple_entry_gardened_gates
Abyss:1:  base:
D:3

Skill      XL: |  1  2  3  4  5  6 |
---------------+-------------------+-----
Axes           | 4 5 6 |  6.2
Armour         | 1 2 3 |  3.2
Unarmed Combat | 1 |  1.0
Fighting       | 3 4 |  4.2
Invocations    | 1 2 |  2.3
Throwing       | |  2.0
Dodging        | |  3.2

Action                   |  1- 3 |  4- 6 || total
-------------------------+-------+-------++-------
Melee: War axe           |    79 |    83 ||   162
       Headbutt          |     9 |    10 ||    19
       Punch             |     1 |       ||     1
Throw: Throwing net      |     1 |     3 ||     4
       Dart              |     1 |       ||     1
Invok: Upheaval          |       |     1 ||     1
  Use: Scroll            |     2 |     5 ||     7
       Potion            |     1 |     6 ||     7
Armor: Leather armour    |     9 |       ||     9
       Scale mail        |     6 |    52 ||    58
       Skin              |       |    15 ||    15
Dodge: Dodged            |    53 |    68 ||   121
Block: Other             |     2 |    13 ||    15
